 Dungeon Crawl Stone Soup version 0.31-a0-705-ga145531 (webtiles) character file.

Game seed: 1361612218011064600

8934 Rogue the Thaumaturge (level 11, -2/52 HPs)
             Began as a Spriggan Conjurer on Sept 9, 2023.
             Was a Follower of Vehumet.
             Slain by a tentacled starspawn (17 damage)
             ... created by the touch of Lugonu
             ... on level 9 of the Dungeon.
             The game lasted 01:51:31 (12370 turns).

Rogue the Thaumaturge (Spriggan Conjurer)          Turns: 12370, Time: 01:51:34

Health: -2/52      AC:  6    Str:  3    XL:     11   Next: 16%
Magic:  22/25      EV: 17    Int: 38    God:    Vehumet [*.....]
Gold:   534        SH:  8    Dex: 20    Spells: 10/28 levels left

rFire   + . .        m - +0 dagger (heavy)
rCold   + . .        E - +3 buckler of the Foremost Knives {Rampage rElec Will- Int+8}
rNeg    . . .        d - +2 robe {rC+ rF+}
rPois   +            (helmet restricted)
rElec   +            v - +2 cloak {rPois}
rCorr   .            (gloves unavailable)
SInv    +            (boots unavailable)
Will    .....        C - amulet of the acrobat
Stlth   ++++         G - +6 ring of dexterity
HPRegen 0.28/turn    z - +6 ring of intelligence
MPRegen 0.19/turn

%: acrobat, rampage
@: weak-willed, jinxed, constricted, very quick
A: very small, no large weapons, unfitting armour, see invisible, speed 3,
deformed body
a: Renounce Religion


You were on level 9 of the Dungeon.
You worshipped Vehumet.
Vehumet was aware of your devotion.
You visited 2 branches of the dungeon, and saw 10 of its levels.
You visited the Abyss 2 times.
You also visited: Ossuary.

You collected 534 gold pieces.

Inventory:

Hand Weapons
 f - a +1 dagger of venom
 g - a +1 heavy spear
 j - a +0 heavy sling
 m - a +0 heavy dagger (weapon)
 w - a +2 quarterstaff of chaos
 L - a +3 trident of draining
 M - a +1 falchion of freezing
 P - a +4 scimitar
Missiles
 r - 4 boomerangs
 J - 9 poisoned darts
 R - 5 curare-tipped darts (quivered)
Armour
 a - a +0 robe
 d - a +2 robe of resistance (worn)
 v - a +2 cloak of poison resistance (worn)
 E - the +3 buckler of the Foremost Knives (worn) {Rampage rElec Will- Int+8}
   (You acquired it on level 8 of the Dungeon)

   Int+8:     It affects your intelligence (+8).
   rElec:     It insulates you from electricity.
   Will-:     It decreases your willpower.
   Rampage:   It bestows one free step when moving towards enemies.
 K - an orb of guile
Magical Staves
 q - a staff of cold
 N - a staff of death
Jewellery
 o - a ring of poison resistance
 x - a +6 ring of dexterity
 y - a ring of protection from cold
 z - a +6 ring of intelligence (right hand)
 C - an amulet of the acrobat (around neck)
 G - a +6 ring of dexterity (left hand)
Wands
 e - a wand of paralysis (9)
 D - a wand of polymorph (6)
 I - a wand of acid (13)
Scrolls
 h - a scroll of fear {unknown}
 n - 2 scrolls of teleportation
 s - 2 scrolls of brand weapon
 t - a scroll of noise {unknown}
 u - a scroll of fog
 F - a scroll of immolation {unknown}
 Q - a scroll of vulnerability
 S - 2 scrolls of torment {unknown}
Potions
 b - a potion of magic
 c - a potion of cancellation
 i - 4 potions of curing
 k - 2 potions of berserk rage
 l - 4 potions of brilliance {unknown}
 p - a potion of invisibility
 A - a potion of lignification {unknown}
 B - a potion of degeneration {unknown}
 H - 8 potions of attraction
 O - a potion of resistance {unknown}


   Skills:
 + Level 3.1 Fighting
 + Level 4.4 Short Blades
 + Level 0.3(0.6) Polearms
 + Level 0.7(0.9) Staves
 + Level 4.6 Ranged Weapons
 + Level 0.2 Throwing
 + Level 6.3 Dodging
 + Level 8.2 Stealth
 + Level 1.0 Shields
 * Level 9.4 Spellcasting
 * Level 6.8 Conjurations
 + Level 4.2 Hexes
 + Level 7.9 Translocations
 * Level 3.0 Air Magic
 * Level 5.3 Evocations


You had 10 spell levels left.
You knew the following spells:

 Your Spells              Type           Power      Damage    Failure   Level
a - Vhi's Electric Charg  Tloc/Air       100%       N/A       4%          4
b - Dazzling Flash        Conj/Hex       100%       N/A       1%          3
c - Iskenderun's Mystic   Conj/Tloc      65%        2d13      2%          4
d - Jinxbite              Hex            100%       N/A       1%          2
e - Arcjolt               Conj/Air       26%        1d36      17%         5

Your spell library contained the following spells:

 Spells                   Type           Power      Damage    Failure   Level
 Foxfire                  Conj/Fire      100%       2x1d9     1%          1
 Magic Dart               Conj           100%       1d8       1%          1
 Slow                     Hex            100%       N/A       1%          1
 Searing Ray              Conj           100%       2d8       1%          2
 Fulminant Prism          Conj/Hex       28%        3d14      4%          4
 Sublimation of Blood     Necr           17%        N/A       7%          2
 Wereblood                Tmut           17%        N/A       7%          2
 Spellforged Servitor     Conj/Summ      21%        N/A       100%        7
 Summon Hydra             Summ           8%         N/A       100%        7
 Maxwell's Capacitive Co  Air            20%        ∞         100%        8


Dungeon Overview and Level Annotations

Branches:
Dungeon (9/15)             Temple (1/1) D:6         Ossuary (visited)
   Lair: D:8-11         Orc: D:9-12

Altars:
Ashenzari
Cheibriados
Dithmenos
Elyvilon
Fedhas
Gozag
Hepliaklqana
Kikubaaqudgha
Makhleb
Nemelex Xobeh
Okawaru
Qazlal
Ru
Sif Muna
Uskayaw
Vehumet
Wu Jian
Xom
Yredelemnul
Zin
The Shining One

Annotations:
D:6 1 runed translucent door, PiratePeteNZ's ghost, novice DEBe


Innate Abilities, Weirdness & Mutations

You are very small and have problems with some larger weapons.
You are too small for most types of armour.
You have supernaturally acute eyesight. (SInv)
You cover ground extremely quickly. (Speed+++)
Armour fits poorly on your strangely shaped body.


Message History

The two-headed ogre closely misses you. x2
Unknown command.
You hit the two-headed ogre.
The two-headed ogre is severely wounded.
A giggling sprite leaps out and bonks the two-headed ogre with its +0 dire flail.
The two-headed ogre is severely wounded.
Tentacles burst from the starspawn's body!
The two-headed ogre barely misses you.
The two-headed ogre misses you. 2 starspawn tentacles come into view.
The starspawn tentacle completely misses you.
The starspawn tentacle barely misses you.
You see here 19 gold pieces.
The starspawn tentacle misses you. The starspawn tentacle grabs you.
The starspawn tentacle constricts you.
The starspawn tentacle's grasp on you weakens, but your attempt to escape fails.
The two-headed ogre looks more healthy.
The starspawn tentacle loses its grip on you.
The tentacle pulls you backwards!
A starspawn tentacle segment comes into view.
The starspawn tentacle grabs you. The starspawn tentacle constricts you.
A starspawn tentacle segment comes into view.
The starspawn tentacle's grasp on you weakens, but your attempt to escape fails.
The two-headed ogre seems less drained.
The starspawn tentacle loses its grip on you.
The tentacle pulls you backwards! 2 starspawn tentacle segments come into view.
You block the starspawn tentacle's attack. 2 starspawn tentacle segments come into view.
You hit the starspawn tentacle.
The starspawn tentacle is moderately damaged.
The starspawn tentacle misses you.
A starspawn tentacle segment comes into view.
You hit the tentacled starspawn.
The tentacled starspawn is lightly damaged.
You block the starspawn tentacle's attack. x2
The starspawn tentacle grabs you. The starspawn tentacle constricts you.
The tentacled starspawn bites you!!
* * * LOW HITPOINT WARNING * * *
The tentacled starspawn tentacle-slaps you!
You die...

..........#.#
..........#. ...........
#.......# #.......#
#.......## #........##
#w........##
#│@........#
#wXO.....#....
#.......<# ##...
#........# #..#
#(...##...# #..#
......##...# #..#
.(.....##...# #..##
#...#.#..##...#####..#.#
#........##..........#..


You could see a tentacled starspawn, a two-headed ogre and 2 starspawn
tentacles.

Vanquished Creatures
  2 thrashing horrors (Abyss:2)
  The ghost of PiratePeteNZ the Blocker, a novice GnFi of Okawaru (D:9)
  Pikel (D:8)
  An orange demon (Abyss:2)
  Jeremiah (D:6)
  Psyche (D:8)
  A polar bear (D:8)
  Sigmund (D:4)
  6 yaks (D:7)
  An unseen horror simulacrum (D:9)
  A fire bat (Abyss:2)
  Grum (D:8)
  A steam dragon (D:8)
  The ghost of PiratePeteNZ the Skirmisher, an amateur DEHu of Gozag (D:4)
  An acid dragon (D:8)
  A water moccasin (D:7)
  2 small abominations
  2 ice beasts
  2 orc warriors (D:9)
  A sky beast (D:7)
  An ogre (D:4)
  2 black bears
  7 wolves
  2 centaurs
  A phantom (D:5)
  An elf zombie (Ossuary)
  3 bullfrogs
  A wyvern zombie (D:9)
  4 scorpions
  10 wights
  A killer bee (D:9)
  A centaur zombie (Ossuary)
  A jelly (D:6)
  Crazy Yiuf (D:2)
  3 orc priests
  6 hounds
  An iron imp (Abyss:2)
  5 iguanas
  8 orc wizards
  A killer bee zombie (D:9)
  3 mummies
  12 gnolls
  11 adders
  3 shadow imps
  A howler monkey simulacrum (D:9)
  2 white imps
  4 ufetubi
  An adder zombie (Ossuary)
  2 worms (D:3)
  3 dart slugs
  27 orcs
  4 ball pythons
  3 bats (D:1)
  4 endoplasms
  A giant cockroach (D:3)
  8 goblins
  7 hobgoblins
  3 quokkas
  6 goblin zombies
  7 hobgoblin zombies (Ossuary)
  A jackal zombie (Ossuary)
  4 kobolds
  13 kobold zombies
  7 orc zombies (Ossuary)
  7 rats
  2 rat zombies (Ossuary)
235 creatures vanquished.

Vanquished Creatures (others)
  4 starspawn tentacles
4 creatures vanquished.

Grand Total: 239 creatures vanquished

Notes
Turn   | Place    | Note
-------+----------+-------------------------------------------
     0 | D:1      | Rogue the Spriggan Conjurer began the quest for the Orb.
     0 | D:1      | Reached XP level 1. HP: 9/9 MP: 5/5
   253 | D:1      | Reached XP level 2. HP: 13/13 MP: 4/6
   552 | D:1      | Found a faded altar of an unknown god.
   868 | D:1      | Reached XP level 3. HP: 15/16 MP: 6/8
  1389 | D:2      | Found a runed translucent door.
  1390 | D:2      | Noticed Crazy Yiuf
  1473 | D:2      | Learned a level 3 spell: Dazzling Flash
  1531 | D:2      | Reached skill level 3 in Spellcasting
  2468 | D:2      | Killed Crazy Yiuf
  2469 | D:2      | Reached XP level 4. HP: 21/21 MP: 1/10
  2820 | D:3      | Reached skill level 1 in Hexes
  3046 | D:3      | Reached skill level 4 in Spellcasting
  3297 | D:3      | Reached XP level 5. HP: 24/24 MP: 12/12
  3354 | D:3      | Found an iron altar of Okawaru.
  3578 | D:4      | Noticed an ogre
  3586 | D:4      | Noticed an ice beast
  3669 | D:4      | Found a runed translucent gate.
  3669 | D:4      | Found a runed translucent gate.
  3669 | D:4      | Found a runed translucent gate.
  3675 | D:4      | Noticed PiratePeteNZ's ghost (amateur DEHu)
  3699 | D:4      | Reached skill level 1 in Ranged Weapons
  3824 | D:4      | Found a sparkling altar of Nemelex Xobeh.
  3897 | D:4      | Noticed a black bear
  3914 | D:4      | Learned a level 4 spell: Iskenderun's Mystic Blast
  3999 | D:4      | Reached XP level 6. HP: 28/28 MP: 8/13
  4066 | D:4      | Killed an ice beast
  4067 | D:4      | Reached skill level 1 in Translocations
  4174 | D:4      | Paralysed by an orc priest for 5 turns
  4181 | D:4      | Reached skill level 1 in Evocations
  4374 | D:4      | Reached XP level 7. HP: 32/32 MP: 7/14
  4374 | D:4      | Noticed Sigmund
  4383 | D:4      | Killed Sigmund
  4384 | D:4      | Reached skill level 1 in Short Blades
  5242 | D:4      | Killed PiratePeteNZ's ghost
  5243 | D:4      | Reached skill level 5 in Stealth
  5243 | D:4      | Reached skill level 5 in Spellcasting
  5243 | D:4      | Reached skill level 5 in Conjurations
  5243 | D:4      | Reached XP level 8. HP: 37/37 MP: 6/16
  5317 | D:5      | Entered Level 5 of the Dungeon
  6255 | D:5      | Found a shadowy altar of Dithmenos.
  6551 | D:6      | Got the Book of Friendly Beguiling
  6555 | D:6      | Learned a level 2 spell: Jinxbite
  6561 | D:6      | Noticed Jeremiah
  6799 | D:6      | Killed Jeremiah
  6800 | D:6      | Reached skill level 1 in Fighting
  6800 | D:6      | Reached skill level 5 in Translocations
  6957 | D:6      | Found a staircase to the Ecumenical Temple.
  7120 | D:6      | Reached XP level 9. HP: 38/41 MP: 8/18
  7145 | Temple   | Entered the Ecumenical Temple
  7374 | D:6      | Found a runed translucent door.
  7375 | D:6      | Found a shimmering altar of Xom.
  7375 | D:6      | Noticed PiratePeteNZ's ghost (novice DEBe)
  7376 | D:6      | Noticed a +1 quarterstaff of chaos
  7449 | D:6      | Reached skill level 6 in Spellcasting
  7912 | D:7      | Found an opulent altar of Gozag.
  8518 | D:7      | Found a hide-covered altar of Uskayaw.
  8546 | D:7      | Reached skill level 5 in Dodging
  8546 | D:7      | Reached skill level 7 in Spellcasting
  9047 | D:8      | Identified 2 scrolls of acquirement
  9047 | D:8      | Acquired Maxwell's Memoranda
  9049 | D:8      | Acquired the +3 buckler of the Foremost Knives {Rampage
                  | rElec Will- Int+8}
  9058 | D:8      | Noticed Pikel
  9114 | D:8      | Found a sand-covered staircase.
  9123 | D:8      | Killed Pikel
  9124 | D:8      | Reached XP level 10. HP: 41/46 MP: 17/22
  9135 | Ossuary  | Entered an ossuary
  9417 | Ossuary  | Learned a level 4 spell: Vhi's Electric Charge
  9423 | Ossuary  | Learned a level 5 spell: Arcjolt
  9646 | D:8      | Noticed Grum
  9683 | D:8      | Killed Grum
  9911 | D:8      | Reached skill level 1 in Air Magic
 10142 | D:8      | Noticed Psyche
 10143 | Abyss:1  | Found a corrupted altar of Lugonu.
 10143 | Abyss:1  | Cast into level 1 of the Abyss (Psyche)
 10156 | Abyss:1  | Found a corrupted altar of Lugonu.
 10174 | Abyss:1  | Found a corrupted altar of Lugonu.
 10180 | Abyss:1  | Became a worshipper of Lugonu the Unformed
 10180 | Abyss:1  | Reached * piety under Lugonu
 10180 | Abyss:1  | Reached ** piety under Lugonu
 10181 | D:8      | Escaped the Abyss
 10187 | D:8      | Killed Psyche
 10387 | D:8      | Found a radiant altar of Vehumet.
 10398 | D:8      | Fell from the grace of Lugonu
 10398 | D:8      | Became a worshipper of Vehumet
 10610 | D:8      | Found a glowing golden altar of the Shining One.
 10610 | D:8      | Found a glowing silver altar of Zin.
 10612 | D:8      | Found a white marble altar of Elyvilon.
 10752 | D:9      | Reached skill level 8 in Spellcasting
 10923 | D:9      | Noticed a two-headed ogre
 11077 | D:9      | Noticed a tentacled starspawn
 11077 | Abyss:2  | Cast into level 2 of the Abyss (Lugonu's touch)
 11103 | Abyss:2  | Noticed a thrashing horror
 11108 | Abyss:2  | Noticed a bone dragon
 11108 | Abyss:2  | Noticed a starcursed mass
 11120 | Abyss:2  | Killed a thrashing horror
 11133 | Abyss:2  | Noticed a smoke demon
 11181 | Abyss:2  | Noticed a starcursed mass
 11193 | Abyss:2  | Gained mutation: Your magical capacity is low. (-10% MP)
                  | [potion of mutation]
 11194 | Abyss:2  | Lost mutation: Your magical capacity is low. (-10% MP)
                  | [potion of mutation]
 11194 | Abyss:2  | Gained mutation: Armour fits poorly on your strangely
                  | shaped body. [potion of mutation]
 11217 | Abyss:2  | Noticed a tentacled starspawn
 11226 | Abyss:2  | Noticed a green ugly thing
 11227 | Abyss:2  | Noticed a large abomination
 11252 | Abyss:2  | Noticed a smoke demon
 11256 | Abyss:2  | Noticed a bone dragon
 11267 | Abyss:2  | Noticed a wretched star
 11270 | Abyss:2  | Noticed a tentacled starspawn
 11283 | Abyss:2  | Noticed a wretched star
 11321 | Abyss:2  | Noticed a hellephant
 11348 | Abyss:2  | Noticed a thrashing horror
 11372 | Abyss:2  | Noticed a starcursed mass
 11392 | Abyss:2  | Noticed a tentacled starspawn
 11429 | Abyss:2  | Noticed a wretched star
 11429 | Abyss:2  | Noticed a thrashing horror
 11493 | Abyss:2  | Noticed a worldbinder
 11517 | Abyss:2  | Noticed a large abomination
 11539 | Abyss:2  | Noticed an orange demon
 11559 | Abyss:2  | Killed an orange demon
 11560 | Abyss:2  | Reached skill level 5 in Evocations
 11599 | Abyss:2  | Noticed a thrashing horror
 11600 | Abyss:2  | Noticed a wretched star
 11607 | Abyss:2  | Noticed a rakshasa
 11611 | Abyss:2  | Killed a thrashing horror
 11612 | Abyss:2  | Reached skill level 1 in Shields
 11612 | Abyss:2  | Reached skill level 9 in Spellcasting
 11612 | Abyss:2  | Reached XP level 11. HP: 38/52 MP: 2/25
 11616 | Abyss:2  | Noticed a starcursed mass
 11621 | Abyss:2  | Found a corrupted altar of Lugonu.
 11638 | Abyss:2  | Noticed a tentacled starspawn
 11647 | Abyss:2  | Found a corrupted altar of Lugonu.
 11793 | Abyss:2  | Noticed a large abomination
 11796 | D:9      | Escaped the Abyss
 11828 | D:9      | Found a runed translucent gate.
 11828 | D:9      | Found a runed translucent gate.
 11828 | D:9      | Found a runed translucent gate.
 11828 | D:9      | Noticed PiratePeteNZ's ghost (novice GnFi)
 11831 | D:9      | Found a basalt altar of Yredelemnul.
 11841 | D:9      | Reached * piety under Vehumet
 11841 | D:9      | Offered knowledge of Foxfire by Vehumet.
 11945 | D:9      | Killed PiratePeteNZ's ghost
 12013 | D:9      | Found a stormy altar of Qazlal.
 12159 | D:9      | Noticed a deep elf pyromancer
 12352 | D:9      | Noticed a two-headed ogre
 12370 | D:9      | Slain by a tentacled starspawn

Illustrated notes

Levels and vault maps discovered:
D:1:      minmay_arrival_up_and_down, layout_loops_ring,
          ebering_ecumenical_altar_webs, dreamdust_princess_bridge
D:2:      layout_basic, corexii_leaking_fountain, uniq_crazy_yiuf_cottage
D:3:      layout_loops_cross, okawaru_ov_weapons_minmay
D:4:      layout_basic, mainiacjoe_overflow_six_doors_small,
          ebering_ghost_rock_garden, uniq_sigmund
D:5:      layout_basic, nicolae_dithmenos_the_darkroom
D:6:      layout_rooms, minmay_temple_entry_grid, ebering_ghost_xom,
          kennysheep_minor_cross, hangedman_abyss_or_decor_stagger,
          uniq_jeremiah
D:7:      layout_rooms, lemuel_tele_altar, amcnicky_altar_gilded,
          grunt_decor_junction
D:8:      layout_basic, dreamdust_divine_triumvirate, vehumet_crystals,
          nicolae_ossuary_entry_giza, uniq_pikel, uniq_psyche, uniq_grum
D:9:      minmay_the_grid_octo_triangle [minmay_the_grid_octo_pinwheel,
          minmay_the_grid_octo_prize_big_c, minmay_the_grid_octo_77],
          layout_long_grid, nicolae_yredelemnul_ghost_church,
          grunt_qazlal_sundering, xom_butterflies, orc_0_dummy, serial_ice,
          serial_ice_o, serial_ice_a, serial_ice_b, serial_ice_k,
          fungi_pond_lemuel, kennysheep_generic_room_6
Temple:   compressed_dpeg_triangle_lava_temple

Skill      XL: |  1  2  3  4  5  6  7  8  9 10 11 |
---------------+----------------------------------+-----
Conjurations   | 3 4 5 6 |  6.8
Dodging        | 3 4 5 6 |  6.3
Spellcasting   | 3 4 5 7 9 |  9.4
Hexes          | 1 2 3 4 |  4.2
Ranged Weapons | 2 3 4 |  4.6
Translocations | 2 3 5 7 |  7.9
Evocations     | 1 2 5 |  5.3
Stealth        | 4 5 7 8 |  8.2
Short Blades   | 1 2 3 4 |  4.4
Fighting       | 1 3 |  3.1
Air Magic      | 2 3 |  3.0
Shields        | 1 |  1.0
Polearms       | |  0.3
Staves         | |  0.7
Throwing       | |  0.2

Action                     |  1- 3 |  4- 6 |  7- 9 | 10-12 || total
---------------------------+-------+-------+-------+-------++-------
  Melee: Unarmed           |     1 |       |       |       ||     1
         Spear             |    15 |       |     9 |       ||    24
         Dagger            |     9 |    12 |   149 |   204 ||   374
         Quarterstaff      |       |    24 |       |       ||    24
   Fire: Sling             |    10 |    15 |     7 |    47 ||    79
  Throw: Dart              |       |       |       |     8 ||     8
   Cast: Magic Dart        |    75 |    94 |   203 |       ||   372
         Dazzling Flash    |     4 |     6 |    21 |     1 ||    32
         Jinxbite          |       |       |    16 |    21 ||    37
         Iskenderun's Myst |       |       |    10 |    29 ||    39
         Vhi's Electric Ch |       |       |       |    14 ||    14
 Invoke: Depart the Abyss  |       |       |       |     1 ||     1
  Evoke: Wand              |       |     7 |     8 |     7 ||    22
    Use: Scroll            |       |     3 |    11 |     5 ||    19
         Potion            |       |       |       |     8 ||     8
   Stab: Sleeping          |     4 |     1 |    12 |    19 ||    36
         Invisible         |       |     2 |     7 |     1 ||    10
         Paralysed         |       |     5 |     4 |     1 ||    10
         Distracted        |       |       |     1 |     1 ||     2
 Armour: Robe              |    14 |    30 |    64 |    79 ||   187
  Dodge: Dodged            |    23 |    46 |   184 |   203 ||   456
  Block: Buckler           |       |       |     5 |   100 ||   105

Table legend: (Time is in decaauts)
 A = Elapsed time spent in this place.
 B = Non-inter-level travel time spent in this place.
 C = Inter-level travel time spent in this place.
 D = Time resting spent in this place.
 E = Time spent auto-exploring this place.
 F = Levels seen in this place.
 G = Mean time per level.
                   A        B        C        D        E       F      G
               +--------+--------+--------+--------+--------+-----+--------+
         Total |   9767 |   9461 |    306 |    449 |   6128 |  13 |  751.3 |
       Dungeon |   8877 |   8571 |    306 |    384 |   5977 |   9 |  986.3 |
        Temple |     47 |     47 |      0 |      0 |     46 |   1 |   47.0 |
         Abyss |    495 |    495 |      0 |      0 |     73 |   2 |  247.5 |
       Ossuary |    346 |    346 |      0 |     65 |     31 |   1 |  346.0 |
               +--------+--------+--------+--------+--------+-----+--------+

Top non-repeatable levels by time:
     D:4: 1381 daAuts
     D:5: 1108 daAuts
     D:2: 1104 daAuts
     D:7: 984 daAuts
     D:8: 969 daAuts
     D:6: 939 daAuts
     D:1: 835 daAuts
     D:3: 793 daAuts
     D:9: 762 daAuts
 Abyss:2: 471 daAuts
 Ossuary: 346 daAuts
  Temple: 47 daAuts
 Abyss:1: 24 daAuts
